 Dungeon Crawl Stone Soup version 0.20-a0-259-gc929cd2 (webtiles) character file.

124 KristoblXynda the Insei (level 4, -3/38 HPs)
             Began as a Draconian Monk on Dec 2, 2016.
             Slain by Grinder (5 damage)
             ... on level 4 of the Dungeon.
             The game lasted 00:04:28 (3002 turns).

KristoblXynda the Insei (Draconian Monk)            Turns: 3002, Time: 00:04:29

Health: -3/38      AC:  6    Str: 13    XL:     4   Next: 81%
Magic:  4/4        EV: 20    Int: 12    God:
Gold:   96         SH:  0    Dex: 18    Spells: 3/3 levels left

rFire  . . .     SeeInvis .       - Unarmed
rCold  . . .     Gourm    .     (armour unavailable)
rNeg   . . .     Faith    .     (no shield)
rPois  .         Spirit   .     (helmet restricted)
rElec  +         Reflect  .     r - +0 cloak
rCorr  .         Harm     .     (no gloves)
MR     .....                    (no boots)
Stlth  +++.......               (no amulet)
                                (no ring)
                                (no ring)

@: agile, flying, very slightly contaminated, invisible
A: unfitting armour, high mp 1, electricity resistance, cold-blooded, AC +5
a: no special abilities


You were on level 4 of the Dungeon.
You were not hungry.

You visited 1 branch of the dungeon, and saw 4 of its levels.

You collected 96 gold pieces.

Inventory:

Armour
 r - a +0 cloak (worn)
Jewellery
 n - a cursed ring of wizardry {unknown}
Potions
 i - a potion of haste {unknown}
 k - a potion of agility
 l - a potion of might {unknown}
 m - a potion of lignification {unknown}
 o - a potion of heal wounds {unknown}
Comestibles
 a - 4 bread rations
 b - 3 fruits


   Skills:
 - Level 3.2 Fighting
 + Level 4.1 Dodging
 - Level 1.7 Stealth
 + Level 4.4 Unarmed Combat


You had 3 spell levels left.
You didn't know any spells.

Dungeon Overview and Level Annotations

Branches:
Dungeon (4/15)
 Temple: D:4-7

Altars:
Gozag

Annotations:
D:4 Grinder


Innate Abilities, Weirdness & Mutations

Your plain brown scales are hard. (AC +5)
You cannot fit into any form of body armour.
You are cold-blooded and may be slowed by cold attacks.
You have an increased reservoir of magic. (+10% MP)
You are resistant to electric shocks. (rElec)


Message History

You writhe in agony.
* * * LOW HITPOINT WARNING * * *
You hit Grinder.
Grinder is heavily wounded.
Grinder gestures at you.
You suddenly lose the ability to move!
Grinder hits you but does no damage. Grinder gestures at you.
You shrug off the repeated paralysis!
You can move again.
It was a potion of invisibility.
You fade into invisibility!
Grinder completely misses you.
You are very lightly contaminated with residual magic.
It was a potion of flight.
You feel very buoyant.
You fly up into the air.
Grinder hits you.
* * * LOW HITPOINT WARNING * * *
You writhe in agony.
You die...

#....#### +....'..#
#....##.# #....##.##
########....##..######
##...........#........#
##...........#........#
##.....#######........#
.'...### #.5@.....#
##..## ##.......#
#####.. #..?..###
....... #.....# .......
#.....# #...... ####..#
#####.. ##.# '...##. .#
#....### ..


You could see Grinder.

Vanquished Creatures
  Terence (D:2)
  4 adders
  2 oozes (D:2)
  A worm (D:3)
  A dart slug (D:1)
  3 leopard geckos
  3 orcs (D:3)
  A giant cockroach (D:2)
  7 goblins
  2 hobgoblins
  8 bats
  2 frilled lizards
  3 kobolds
  9 rats
47 creatures vanquished.

Vanquished Creatures (others)
  4 toadstools (D:1)
4 creatures vanquished.

Grand Total: 51 creatures vanquished

Notes
Turn   | Place    | Note
-------+----------+-------------------------------------------
     0 | D:1      | KristoblXynda the Draconian Monk began the quest for the Orb.
     0 | D:1      | Reached XP level 1. HP: 19/19 MP: 1/1
   409 | D:1      | Reached XP level 2. HP: 26/26 MP: 2/2
   867 | D:2      | Reached XP level 3. HP: 24/31 MP: 3/3
  1220 | D:2      | Noticed Terence
  1244 | D:2      | Killed Terence
  1244 | D:2      | Reached XP level 4. HP: 14/38 MP: 4/4
  1944 | D:3      | Found an opulent altar of Gozag.
  2717 | D:3      | Gained mutation: You have an increased reservoir of magic. (+10% MP) [potion of mutation]
  2717 | D:3      | Gained mutation: You are resistant to electric shocks. (rElec) [potion of mutation]
  2959 | D:4      | Noticed Grinder
  2979 | D:4      | Paralysed by Grinder for 6 turns
  2987 | D:4      | Paralysed by Grinder for 7 turns
  2998 | D:4      | Paralysed by Grinder for 2 turns
  3002 | D:4      | Slain by Grinder

Vault maps used:
D:1:      ldierk_water_garden
D:2:      first_bread, uniq_terence
D:3:      nicolae_gozag_seed_capital
D:4:      nicolae_underground_beach, uniq_sigmund, uniq_grinder

Skill      XL: |  1  2  3  4 |
---------------+-------------+-----
Dodging        | 3 4 |  4.1
Unarmed Combat | 4 |  4.4
Fighting       | |  3.2
Stealth        | |  1.7

Action                   |  1- 3 |  4- 6 || total
-------------------------+-------+-------++-------
Melee: Unarmed           |    94 |    72 ||   166
       Tailslap          |     7 |    10 ||    17
       Punch             |     1 |     3 ||     4
  Use: Scroll            |       |     9 ||     9
       Potion            |       |     6 ||     6
 Stab: Sleeping          |     5 |     2 ||     7
  Eat: Chunk             |     1 |     3 ||     4
       Meat ration       |       |     1 ||     1
Armor: Skin              |    16 |    21 ||    37
Dodge: Dodged            |    47 |    41 ||    88
